 Dungeon Crawl Stone Soup version 0.26-a0-690-gcb57259078 (webtiles) character file.

Game seed: 14682271802799952245

9496 jiml777 the Thaumaturge (level 11, -7/55 HPs)
             Began as a Deep Elf Air Elementalist on Oct 23, 2020.
             Was a Believer of Sif Muna.
             Mangled by an orc warrior
             ... wielding a +0 trident
             ... led by an orc high priest
              (23 damage)
             ... on level 1 of the Orcish Mines.
             The game lasted 02:06:18 (16277 turns).

jiml777 the Thaumaturge (DEAE)                     Turns: 16277, Time: 02:06:18

Health: -7/55      AC: 10    Str:  5    XL:     11   Next: 23%
Magic:  19/37      EV: 16    Int: 24    God:    Sif Muna [**....]
Gold:   586        SH:  5    Dex: 15    Spells: 7/32 levels left

rFire    . . .     SeeInvis .   u - staff of poison
rCold    . . .     Faith    .   (no shield)
rNeg     . . .     Spirit   .   w - +2 robe {MR+}
rPois    +         Reflect  +   k - +0 helmet
rElec    .         Harm     .   i - +1 cloak
rCorr    .         Rampage  .   b - +2 pair of gloves
MR       ++...                  (no boots)
Stlth    +++.......             n - amulet of reflection
HPRegen  0.18/turn              x - ring of wizardry
MPRegen  0.25/turn              v - ring of magical power

@: swift, quick
A: no striking features
a: Channel Magic, Renounce Religion


You were on level 1 of the Orcish Mines.
You worshipped Sif Muna.
Sif Muna was pleased with you.
You visited 3 branches of the dungeon, and saw 12 of its levels.
You also visited: Ossuary.

You collected 898 gold pieces.
You spent 312 gold pieces at shops.

Inventory:

Hand Weapons
 H - the +0 falchion "Worm's Wrath" {pain, rC++ Dex-4 Stlth+}
   (You found it on level 7 of the Dungeon)

   In the hands of one skilled in necromantic magic, it inflicts extra damage on
   living creatures.
   It affects your dexterity (-4).
   It greatly protects you from cold.
   It makes you more stealthy.
 K - a +4 dagger of freezing
Missiles
 j - 13 javelins (quivered)
 t - 2 throwing nets
 y - 39 poisoned darts
Armour
 b - a +2 pair of gloves (worn)
 i - a +1 cloak (worn)
 k - a +0 helmet (worn)
 w - a +2 robe of magic resistance (worn)
Magical Staves
 u - an uncursed staff of poison (weapon)
 M - an uncursed staff of cold
Jewellery
 n - an amulet of reflection (around neck)
 o - an uncursed ring of flight
 v - a ring of magical power (right hand)
 x - a ring of wizardry (left hand)
 B - an uncursed ring of resist corrosion
 O - an uncursed ring of poison resistance
Wands
 m - a wand of paralysis (4)
 r - a wand of enslavement (3)
 s - a wand of polymorph (19)
 G - a wand of flame (60)
Scrolls
 a - 4 scrolls of identify
 d - 5 scrolls of teleportation
 f - 3 scrolls of remove curse
 h - a scroll of amnesia
 C - 4 scrolls of magic mapping
Potions
 c - 5 potions of stabbing
 e - 3 potions of berserk rage
 g - 3 potions of might
 l - 3 potions of lignification
 p - 3 potions of brilliance
 q - 7 potions of ambrosia {unknown}
 z - a potion of cancellation
 D - a potion of resistance
 E - a potion of invisibility
 L - a potion of curing


   Skills:
 + Level 0.4 Fighting
 - Level 6.0 Dodging
 - Level 5.0 Stealth
 + Level 11.1 Spellcasting
 * Level 5.5 Conjurations
 * Level 7.9 Hexes
 * Level 6.2 Translocations
 * Level 3.1 Fire Magic
 + Level 8.4 Air Magic
 * Level 6.0 Poison Magic
 * Level 2.9 Invocations


You had 7 spell levels left.
You knew the following spells:

 Your Spells              Type           Power        Failure   Level
a - Shock                 Conj/Air       ####         1%          1
b - Swiftness             Air            ######..     1%          2
c - Mephitic Cloud        Conj/Pois/Air  ######..     1%          3
d - Blink                 Tloc           N/A          1%          2
e - Slow                  Hex            ######..     1%          2
f - Conjure Flame         Conj/Fire      ####....     1%          3
g - Airstrike             Air            ######....   1%          4
h - Static Discharge      Conj/Air       #####...     1%          3
i - Lightning Bolt        Conj/Air       #####.....   3%          5

Your spell library contained the following spells:

 Spells                   Type           Power        Failure   Level
 Magic Dart               Conj           ####         1%          1
 Call Imp                 Summ           ##......     2%          2


Dungeon Overview and Level Annotations

Branches:
Dungeon (10/15)            Temple (1/1) D:7            Lair (0/6) D:8
    Orc (1/2) D:10        Ossuary (visited)

Altars:
Cheibriados
Dithmenos
Elyvilon
Fedhas
Gozag
Kikubaaqudgha
Makhleb
Nemelex Xobeh
Okawaru
Qazlal
Ru
Sif Muna
Uskayaw
Vehumet
Wu Jian
Xom
Yredelemnul
Zin
The Shining One
Beogh

Shops:
D:8 =


Message History

Sif Muna accepts your kill.
The lightning grounds out.
You block the orc warrior's attack. The orc warrior misses you.
Unknown command.
Casting: Static Discharge (safe; 1% risk of failure)
Confirm with . or Enter, or press ? or * to list all spells.
You feel quick. The orc warrior completely misses you.
The orc warrior hits you from afar with a +0 trident!
* * * LOW HITPOINT WARNING * * *
The orc priest closely misses you.
An orc comes into view. It is wielding a +0 short sword.
The ogre closely misses you.
Okay, then.
You can't go up here!
Okay, then.
You feel better.
The orc wizard hits you but does no damage.
The orc warrior misses you.
The orc warrior hits you from afar with a +0 trident!!
You die...

. .. .. ### .#
##.##.#
##.....#.##
#.o@Oo....#
##)o...o.#.
#$oo.oo....
#..oo.......
#.#.......#..
#.....o.......
##...o........
###..o.......


You could see 5 orc warriors, an ogre, an orc priest, an orc wizard (fast) and 6
orcs.

Vanquished Creatures
  Harold (D:9)
  An orc high priest (Orc:1)
  Maggie (D:8)
  A queen bee (D:9)
  Prince Ribbit (D:8)
  5 yaks
  Grum (D:8)
  Edmund (D:5)
  16 orc warriors
  Duvessa (D:6)
  An ice beast (D:7)
  A necrophage (D:6)
  4 wolves (D:8)
  4 centaurs
  A big kobold (D:7)
  7 bullfrogs
  Dowan (D:6)
  2 scorpions
  39 killer bees
  8 wights
  A centaur zombie (D:7)
  2 quasits
  2 bullfrog zombies
  2 jellies (D:5)
  9 orc priests
  Crazy Yiuf (D:3)
  A hound (D:5)
  2 centaur skeletons
  An iguana (D:9)
  9 orc wizards
  5 worker ants
  2 hound zombies
  9 mummies
  4 gnolls
  3 adders
  3 shadow imps
  3 white imps
  An adder zombie (D:8)
  An adder skeleton (D:8)
  A worm (D:2)
  8 leopard geckos
  55 orcs
  6 giant cockroaches
  3 gnoll zombies (Ossuary)
  10 goblins
  9 hobgoblins
  12 jackals
  8 quokkas
  A ball python (D:2)
  A ball python zombie (D:5)
  10 bats
  5 frilled lizards
  3 hobgoblin zombies
  A jackal skeleton (D:5)
  20 kobolds
  2 kobold zombies
  A leopard gecko skeleton (D:8)
  2 orc zombies (Ossuary)
  16 rats
  2 toadstools (D:1)
334 creatures vanquished.

Vanquished Creatures (others)
  2 plants (D:5)
  2 toadstools (D:1)
4 creatures vanquished.

Grand Total: 338 creatures vanquished

Notes
Turn   | Place    | Note
-------+----------+-------------------------------------------
     0 | D:1      | jiml777 the Deep Elf Air Elementalist began the quest for
                  | the Orb.
     0 | D:1      | Reached XP level 1. HP: 10/10 MP: 6/6
   495 | D:1      | Reached XP level 2. HP: 15/15 MP: 4/8
  1304 | D:2      | Reached XP level 3. HP: 19/19 MP: 7/10
  1656 | D:2      | Reached skill level 4 in Spellcasting
  2136 | D:2      | Learned a level 2 spell: Swiftness
  2140 | D:2      | Learned a level 3 spell: Mephitic Cloud
  2143 | D:2      | Learned a level 2 spell: Blink
  2146 | D:2      | Learned a level 2 spell: Slow
  2158 | D:2      | Found a radiant altar of Vehumet.
  2199 | D:2      | Reached XP level 4. HP: 24/24 MP: 9/12
  2997 | D:3      | Noticed an orc warrior
  3008 | D:3      | Killed an orc warrior
  3008 | D:3      | Reached skill level 1 in Hexes
  3008 | D:3      | Reached XP level 5. HP: 20/28 MP: 2/13
  3303 | D:3      | Found a runed translucent door.
  3304 | D:3      | Noticed Crazy Yiuf
  3318 | D:3      | Killed Crazy Yiuf
  3318 | D:3      | Reached skill level 1 in Translocations
  3318 | D:3      | Reached skill level 1 in Poison Magic
  3941 | D:4      | Reached XP level 6. HP: 15/32 MP: 15/15
  4196 | D:4      | Reached skill level 5 in Spellcasting
  4328 | D:4      | Found a shadowy altar of Dithmenos.
  4399 | D:5      | Entered Level 5 of the Dungeon
  4558 | D:5      | Found a sand-covered staircase.
  4567 | Ossuary  | Entered an ossuary
  5086 | Ossuary  | Reached XP level 7. HP: 36/36 MP: 16/16
  5663 | D:5      | Reached skill level 6 in Spellcasting
  5666 | D:5      | Reached XP level 8. HP: 9/41 MP: 8/19
  5975 | D:5      | Noticed Edmund
  5980 | D:5      | Learned a level 3 spell: Conjure Flame
  6056 | D:5      | Killed Edmund
  6689 | D:5      | Found a burning altar of Makhleb.
  7533 | D:6      | Found a sparkling altar of Nemelex Xobeh.
  8183 | D:6      | Found an opulent altar of Gozag.
  8216 | D:6      | Reached skill level 5 in Stealth
  8401 | D:6      | Noticed Duvessa
  8408 | D:6      | Learned a level 4 spell: Airstrike
  8410 | D:6      | Noticed Dowan
  8414 | D:6      | Killed Duvessa
  8414 | D:6      | Reached skill level 5 in Dodging
  8414 | D:6      | Reached skill level 7 in Spellcasting
  8414 | D:6      | Reached skill level 5 in Air Magic
  8425 | D:6      | Killed Dowan
  8622 | D:6      | Found a glowing golden altar of the Shining One.
  8767 | D:7      | Got a twisted falchion
  9488 | D:7      | Reached XP level 9. HP: 45/45 MP: 22/22
  9493 | D:7      | Learned a level 3 spell: Static Discharge
  9523 | D:7      | Reached skill level 8 in Spellcasting
  9707 | D:7      | Reached skill level 5 in Hexes
  9829 | D:7      | Identified the cursed +0 falchion "Worm's Wrath" {pain,
                  | rC++ Dex-4 Stlth+} (You found it on level 7 of the Dungeon)
  9848 | D:7      | Found an iron altar of Okawaru.
 10617 | D:7      | Reached skill level 9 in Spellcasting
 10870 | D:7      | Found a staircase to the Ecumenical Temple.
 10879 | Temple   | Entered the Ecumenical Temple
 10892 | Temple   | Became a worshipper of Sif Muna the Loreminder
 11699 | D:7      | Reached skill level 5 in Translocations
 12239 | D:8      | Found a staircase to the Lair.
 12283 | D:8      | Found an ornate altar of the Wu Jian Council.
 12409 | D:8      | Noticed Prince Ribbit
 12412 | D:8      | Killed Prince Ribbit
 12645 | D:8      | Found a shimmering altar of Xom.
 12743 | D:8      | Reached XP level 10. HP: 51/51 MP: 21/25
 12792 | D:8      | Noticed Grum
 12797 | D:8      | Killed Grum
 12797 | D:8      | Reached skill level 1 in Fire Magic
 12949 | D:8      | Found Fairown's Jewellery Shoppe.
 12952 | D:8      | Bought an uncursed ring of poison resistance for 260 gold
                  | pieces
 12952 | D:8      | Bought a cursed -4 ring of strength for 26 gold pieces
 12952 | D:8      | Bought a cursed amulet of inaccuracy for 26 gold pieces
 13060 | D:8      | Noticed Maggie
 13068 | D:8      | Killed Maggie
 13068 | D:8      | Reached skill level 10 in Spellcasting
 13075 | D:8      | Learned a level 5 spell: Lightning Bolt
 13393 | D:9      | Reached * piety under Sif Muna
 13864 | D:9      | Found a basalt altar of Yredelemnul.
 13877 | D:9      | Reached skill level 5 in Poison Magic
 13939 | D:8      | Reached skill level 1 in Invocations
 14357 | D:9      | Reached skill level 5 in Conjurations
 14713 | D:9      | Reached ** piety under Sif Muna
 15386 | D:10     | Entered Level 10 of the Dungeon
 15386 | D:10     | Found a staircase to the Orcish Mines.
 15411 | D:10     | Found a roughly hewn altar of Beogh.
 15559 | D:10     | Noticed Harold
 15582 | D:9      | Reached XP level 11. HP: 18/55 MP: 22/27
 15588 | D:9      | Killed Harold
 15588 | D:9      | Reached skill level 11 in Spellcasting
 16269 | Orc:1    | Entered Level 1 of the Orcish Mines
 16269 | Orc:1    | Noticed an orc warlord
 16270 | Orc:1    | Noticed an orc high priest
 16275 | Orc:1    | Killed an orc high priest
 16277 | Orc:1    | Mangled by an orc warrior

Illustrated notes

Levels and vault maps discovered:
D:1:      ldierk_water_garden, layout_basic, chequers_serial_rivers_micro_e
D:2:      minmay_thinvault, layout_loops_ring, lemuel_coloured_pillars_altar,
          minmay_quantized
D:3:      layout_basic, uniq_crazy_yiuf_cottage
D:4:      layout_basic, grunt_dithmenos_smoke_and_mirrors
D:5:      cheibrodos_two_vegetables, layout_loops_ring, kennysheep_mini_moat,
          nicolae_ossuary_entry_giza, corexii_corridor_pit, uniq_edmund
D:6:      layout_loops_ring, nemelex_xobeh_ov_fountains_minmay,
          grunt_gozag_breadcrumbs, tso_altar, uniq_duvessa
D:7:      layout_gridville, kennysheep_okawaru_gauntlet,
          minmay_temple_entry_waves
D:8:      layout_basic, marbit_many_paths, kennysheep_mini, lair_entry_dummy,
          serial_shops, shop, uniq_maggie, uniq_prince_ribbit1, uniq_grum
D:9:      layout_rooms, basic_altar, special_room [special_room_bee],
          st_stairs_13, grunt_ministairs_8, kennysheep_generic_room_6
D:10:     layout_roguey [special_room_kobold], minmay_orc_entry_temple_large,
          basic_altar, grunt_qazlal_sundering, uniq_harold, uniq_nergalle,
          uniq_gastronok
Temple:   dshaligram_water_room_temple
Orc:1:    layout_caves

Skill      XL: |  1  2  3  4  5  6  7  8  9 10 11 |
---------------+----------------------------------+-----
Conjurations   | 2 3 4 5 |  5.5
Spellcasting   | 4 5 6 7 9 10 11 | 11.1
Stealth        | 3 4 5 |  5.0
Dodging        | 3 4 5 6 |  6.0
Hexes          | 1 2 3 4 6 7 |  7.9
Translocations | 1 2 4 5 6 |  6.2
Air Magic      | 4 5 6 8 |  8.4
Poison Magic   | 1 2 3 4 5 6 |  6.0
Fire Magic     | 2 3 |  3.1
Invocations    | 2 |  2.9
Fighting       | |  0.4

Action                   |  1- 3 |  4- 6 |  7- 9 | 10-12 || total
-------------------------+-------+-------+-------+-------++-------
Melee: Unarmed           |    15 |       |       |       ||    15
       Dagger            |       |       |     1 |       ||     1
 Cast: Shock             |    97 |   170 |   141 |     8 ||   416
       Swiftness         |       |     1 |     3 |     3 ||     7
       Airstrike         |       |       |   131 |    82 ||   213
       Blink             |       |       |    16 |     3 ||    19
       Conjure Flame     |       |       |     1 |       ||     1
       Lightning Bolt    |       |       |       |    20 ||    20
       Static Discharge  |       |       |       |     6 ||     6
  Use: Scroll            |       |    16 |     7 |     1 ||    24
       Potion            |       |     2 |     6 |     2 ||    10
Armor: Robe              |     3 |     3 |    20 |     8 ||    34
Dodge: Dodged            |    20 |    15 |    75 |    61 ||   171
Block: Other             |       |     5 |    20 |    11 ||    36
       Reflection        |       |       |     1 |     4 ||     5

Table legend: (Time is in decaauts)
 A = Elapsed time spent in this place.
 B = Non-inter-level travel time spent in this place.
 C = Inter-level travel time spent in this place.
 D = Time resting spent in this place.
 E = Time spent auto-exploring this place.
 F = Levels seen in this place.
 G = Mean time per level.
                   A        B        C        D        E       F      G
               +--------+--------+--------+--------+--------+-----+--------+
         Total |  16286 |  15937 |    349 |   7496 |   4906 |  13 | 1252.8 |
       Dungeon |  15573 |  15229 |    344 |   7112 |   4898 |  10 | 1557.3 |
        Temple |     66 |     61 |      5 |      0 |      8 |   1 |   66.0 |
  Orcish Mines |      7 |      7 |      0 |      0 |      0 |   1 |    7.0 |
       Ossuary |    638 |    638 |      0 |    384 |      0 |   1 |  638.0 |
               +--------+--------+--------+--------+--------+-----+--------+

Top non-repeatable levels by time:
     D:5: 2436 daAuts
     D:9: 2364 daAuts
     D:6: 2340 daAuts
     D:7: 2221 daAuts
     D:8: 1634 daAuts
     D:2: 1605 daAuts
     D:1: 1295 daAuts
     D:3: 887 daAuts
 Ossuary: 638 daAuts
     D:4: 605 daAuts
    D:10: 183 daAuts
  Temple: 66 daAuts
   Orc:1: 7 daAuts
